 Dungeon Crawl Stone Soup version 0.17.1-3-g152610e (webtiles) character file.

30 Goblin1989 the Sneak (level 3, -1/18 HPs)
             Began as a Vine Stalker Assassin on Mar 28, 2016.
             Succumbed to an adder's poison
             ... on level 2 of the Dungeon.
             The game lasted 00:03:15 (420 turns).

Goblin1989 the Sneak (Vine Stalker Assassin)         Turns: 420, Time: 00:03:15

Health: -1/18      AC:  4    Str: 13 (14) XL:     3   Next: 18%
Magic:  1/4        EV: 11    Int: 11      God:
Gold:   41         SH:  0    Dex: 15      Spells: 0 memorised, 2 levels left

rFire  . . .     SeeInvis .     a - +2 dagger
rCold  . . .     Clarity  +     c - +0 robe
rNeg   . . .     SustAt   +     (no shield)
rPois  .         Gourm    .     (no helmet)
rElec  .         Spirit   +     d - +0 cloak
rCorr  .         Warding  .     (no gloves)
rMut   .         Stasis   +     (no boots)
MR     .....                    r - amulet of stasis
Stlth  +++.......               k - ring of sustain attributes
                                (no ring)

@: lethally poisoned (-1 -> -12), not resistant to hostile enchantments, fairly
stealthy
A: fangs 2, molten scales 1, breathe flames 1, clarity, regeneration 1, magic
shield, antimagic bite, no device heal 3, rot immunity
a: Breathe Fire


You were on level 2 of the Dungeon.
You were not hungry.

You visited 1 branch of the dungeon, and saw 3 of its levels.

You collected 41 gold pieces.

Inventory:

Hand Weapons
 a - a +2 dagger (weapon)
 b - a +0 blowgun
Missiles
 e - 22 poisoned needles
 f - 2 curare-tipped needles
Armour
 c - a +0 robe (worn)
 d - a +0 cloak (worn)
Jewellery
 k - a ring of sustain attributes (right hand)
 r - an amulet of stasis (around neck)
Scrolls
 h - 2 scrolls of magic mapping {unknown}
 i - a scroll of enchant weapon {unknown}
 l - a scroll of enchant armour {unknown}
 m - 2 scrolls of identify {unknown}
 n - a scroll of recharging {unknown}
 o - a scroll of immolation {unknown}
Comestibles
 g - a bread ration


   Skills:
 - Level 1.7 Fighting
 * Level 2.8 Short Blades
 - Level 1.7 Throwing
 - Level 0.7 Dodging
 + Level 5.3 Stealth


You had 2 spell levels left.
You didn't know any spells.

Dungeon Overview and Level Annotations

Branches:
Dungeon (3/15)

Altars:


Innate Abilities, Weirdness & Mutations

You have extremely sharp teeth.
Your natural rate of healing is unusually fast.
When hurt, damage is shared between your health and your magic reserves.
Your bite disrupts and absorbs the magic of your enemies.
Potions and wands cannot restore your health.
You are immune to rotting.
You are partially covered in molten scales (AC +1).
You can breathe flames.
You possess an exceptional clarity of mind.


Message History

You closely miss the adder.
The adder is severely wounded.
The adder bites you.
* * * LOW HITPOINT WARNING * * *
You are lethally poisoned!
The adder poisons you!
Drink which item? (? for menu, Esc to quit)
It was a potion of degeneration.
There was something very wrong with that liquid.
You feel somewhat weakened.
* * * LOW HITPOINT WARNING * * *
You feel sick. The adder bites you.
* * * LOW HITPOINT WARNING * * *
You are more poisoned.
The adder poisons you!
Drink which item? (? for menu, Esc to quit)
It was a potion of mutation.
You feel extremely strange.
Molten scales grow over part of your body.
Your throat feels hot.
Your thoughts seem clearer.
You die...

######### #.#
#.......# ...
#.......# #.#
#.......# #.#
#.......# ####.#
#.......# #....#
#.......# #.##.####
#.......###....@S.####
#####.##....#####....#
##....##'# #'##.....
#...###..# #(. #...
###..##†#..# #(.# ..
#....'.=#).# #..#
###.#..##†#..# #..#
........###..# #.$#
###.#.....#### ####


You could see an adder.

Vanquished Creatures
  2 adders (D:2)
  A bat (D:1)
  2 goblins (D:2)
  2 hobgoblins (D:2)
  A giant cockroach (D:1)
  2 giant newts (D:2)
  A kobold (D:1)
  2 rats (D:1)
13 creatures vanquished.

Notes
Turn   | Place    | Note
--------------------------------------------------------------
     0 | D:1      | Goblin1989 the Vine Stalker Assassin began the quest for the Orb.
     0 | D:1      | Reached XP level 1. HP: 11/11 MP: 2/2
    32 | D:2      | Reached skill level 5 in Stealth
    32 | D:2      | Reached XP level 2. HP: 15/15 MP: 3/3
   384 | D:2      | Reached XP level 3. HP: 6/18 MP: 4/4
   420 | D:2      | Gained mutation: You are partially covered in molten scales (AC +1). [potion of mutation]
   420 | D:2      | Gained mutation: You can breathe flames. [potion of mutation]
   420 | D:2      | Gained mutation: You possess an exceptional clarity of mind. [potion of mutation]
   420 | D:2      | Succumbed to an adder's poison

Action                   || total
-------------------------++-------
Melee: Dagger            ||    32
 Fire: Blowgun           ||     3
  Use: Potion            ||     2
 Stab: Sleeping          ||     3
